 Dungeon Crawl Stone Soup version 0.27.0-1-g7a089689b8 (console) character file.

Game seed: 16745771506832864842

257 jejorda2 the Skirmisher (level 6, 0/67 HPs)
             Began as an Ogre Abyssal Knight on Aug 1, 2021.
             Was a Believer of Lugonu.
             Succumbed to Crazy Yiuf's poison
             ... on level 4 of the Dungeon.
             The game lasted 00:07:05 (4942 turns).

jejorda2 the Skirmisher (Ogre Abyssal Knight)       Turns: 4942, Time: 00:07:06

Health: 0/67       AC:  3    Str: 19    XL:     6   Next: 16%
Magic:  7/7        EV:  9    Int: 13    God:    Lugonu [**....]
Gold:   209        SH:  0    Dex:  8    Spells: 5/5 levels left

rFire    . . .     SeeInvis .   a - +3 short sword
rCold    . . .     Faith    .   (no shield)
rNeg     . . .     Spirit   .   r - +0 robe
rPois    .         Reflect  .   (helmet restricted)
rElec    .         Harm     .   (no cloak)
rCorr    .         Rampage  .   (gloves unavailable)
Will     .....                  (boots unavailable)
Stlth    +.........             (no amulet)
HPRegen  0.21/turn              (no ring)
MPRegen  0.10/turn              (no ring)

@: lethally poisoned (0 -> -7)
A: large, unfitting armour, tough skin 1
a: Renounce Religion, Depart the Abyss, Bend Space


You were on level 4 of the Dungeon.
You worshipped Lugonu.
Lugonu was pleased with you.
You visited 1 branch of the dungeon, and saw 4 of its levels.
You visited the Abyss 1 time.

You collected 209 gold pieces.

Inventory:

Hand Weapons
 a - a +3 short sword (weapon)
 b - a +3 hunting sling
 f - a +1 falchion
Missiles
 d - 4 boomerangs
 o - 177 stones (quivered)
 s - 36 sling bullets
Armour
 r - a +0 robe (worn)
Scrolls
 e - a scroll of vulnerability {unknown}
 g - a scroll of enchant armour {unknown}
 h - 4 scrolls of identify {unknown}
 i - a scroll of blinking {unknown}
 j - a scroll of enchant weapon {unknown}
 l - a scroll of teleportation {unknown}
 p - 3 scrolls of amnesia {unknown}
Potions
 c - 5 potions of brilliance {unknown}
 k - 2 potions of mutation {unknown}
 m - a potion of cancellation {unknown}
 n - a potion of magic {unknown}
 q - 2 potions of ambrosia {unknown}
 t - 2 potions of lignification {unknown}
 u - a potion of might {unknown}


   Skills:
 + Level 6.0 Fighting
 + Level 2.4(3.5) Short Blades
 + Level 3.9(4.2) Long Blades
 - Level 2.1 Dodging
 - Level 2.0 Invocations


You had 5 spell levels left.
You didn't know any spells.
Your spell library contained the following spells:

 Spells                   Type           Power      Damage    Failure   Level
 Magic Dart               Conj           0%         1d3       30%         1
 Pain                     Necr           0%         1d4       30%         1
 Corpse Rot               Necr/Air       N/A        N/A       43%         2
 Searing Ray              Conj           0%         3d3       43%         2
 Dispel Undead            Necr           0%         3d6       97%         4
 Fulminant Prism          Conj/Hex       0%         3d6       97%         4
 Agony                    Necr           0%         N/A       100%        5
 Excruciating Wounds      Necr           0%         N/A       100%        5
 Death Channel            Necr           0%         N/A       100%        6


Dungeon Overview and Level Annotations

Branches:
Dungeon (4/15)
 Temple: D:4-7

Altars:

Shops:
D:1 [

Annotations:
D:4 Crazy Yiuf


Innate Abilities, Weirdness & Mutations

You are too large for most types of armour.
You have tough skin. (AC +1)


Message History

No target in view!
Unknown command.
You now have 209 gold pieces (gained 2).
Found a pair of boots.
You see here a +0 pair of boots.
You see here a +0 pair of boots.
There is a stone staircase leading down here.
Found a mace.
Found a runed translucent door.
Crazy Yiuf shouts!
Crazy Yiuf screams, "Whiteboard!
Flower meccalolo action."
Okay, then.
As you open the door, it creaks loudly!
Crazy Yiuf says, "Hack unthinkable sing!"
You hit Crazy Yiuf.
Crazy Yiuf is moderately wounded.
Crazy Yiuf hits you with a +2 quarterstaff of chaos!
Crazy Yiuf freezes you.
You barely miss Crazy Yiuf.
Crazy Yiuf is moderately wounded.
Crazy Yiuf hits you with a +2 quarterstaff of chaos!
You are poisoned.
You hit Crazy Yiuf but do no damage.
Crazy Yiuf is moderately wounded.
You feel very sick.
Crazy Yiuf says, "Ghoul!"
Crazy Yiuf hits you with a +2 quarterstaff of chaos!
Crazy Yiuf burns you.
You hit Crazy Yiuf.
Crazy Yiuf is moderately wounded.
You feel sick.
You completely miss Crazy Yiuf.
Crazy Yiuf is moderately wounded.
You feel sick.
Crazy Yiuf hits you with a +2 quarterstaff of chaos!
* * * LOW HITPOINT WARNING * * *
You are electrocuted!
* * * LOW HITPOINT WARNING * * *
You barely miss Crazy Yiuf.
Crazy Yiuf is moderately wounded.
You die...

.##...###.#
#....#
..........#
##..##
(.......###
#PP.P#
.....>..#
##P..#
........#
##.##
#.......#
##.#
........#
#.##
#.......#
##.#
.....#.##
#@##
..####.# #g#
..# #.###
...
..####.#.##
#...#
..........#
#)..#
.#####.#.###
##### .#
#.#...#
.#####.#####
.......#


You could see Crazy Yiuf.

Vanquished Creatures
  A scorpion (D:4)
  2 iguanas
  Robin (D:3)
  4 adders
  A worm (D:2)
  5 dart slugs
  An orc (D:3)
  6 ball pythons
  5 endoplasms
  18 goblins
  6 hobgoblins
  2 jackals (D:1)
  7 quokkas
  6 bats
  5 frilled lizards
  7 kobolds
  4 rats
81 creatures vanquished.

Notes
Turn   | Place    | Note
-------+----------+-------------------------------------------
     0 | Abyss:1  | jejorda2 the Ogre Abyssal Knight began the quest for the
                  | Orb.
     0 | Abyss:1  | Reached XP level 1. HP: 24/24 MP: 2/2
    58 | Abyss:1  | Noticed a sixfirhy
    66 | Abyss:1  | Noticed a starcursed mass
    67 | Abyss:1  | Noticed a starcursed mass
    68 | D:1      | Escaped the Abyss
   212 | D:1      | Found Rosyxi Sizo's Armour Shoppe.
   538 | D:1      | Reached * piety under Lugonu
   539 | D:1      | Reached XP level 2. HP: 32/32 MP: 3/3
  1093 | D:1      | Reached XP level 3. HP: 40/40 MP: 4/4
  2089 | D:2      | Reached skill level 1 in Short Blades
  2089 | D:2      | Reached XP level 4. HP: 30/49 MP: 5/5
  2542 | D:3      | Reached skill level 5 in Fighting
  2721 | D:3      | Noticed Robin
  2752 | D:3      | Reached ** piety under Lugonu
  2875 | D:3      | Killed Robin
  3145 | D:3      | Reached XP level 5. HP: 14/57 MP: 6/6
  4298 | D:4      | Reached XP level 6. HP: 25/67 MP: 7/7
  4522 | D:4      | Identified the +10 chain mail "Inouf" {+Blink rElec rN++}
  4657 | D:4      | Reached skill level 6 in Fighting
  4932 | D:4      | Found a runed translucent door.
  4933 | D:4      | Noticed Crazy Yiuf
  4941 | D:4      | HP: 1/67 [Crazy Yiuf (11)]
  4942 | D:4      | Succumbed to Crazy Yiuf's poison

Illustrated notes

Levels and vault maps discovered:
D:1:      evilmike_arrival_crescent, layout_basic, serial_shops,
          nicolae_shop_competitors_out_of_business
D:2:      layout_basic
D:3:      layout_basic, uniq_robin
D:4:      layout_loops_ring, uniq_crazy_yiuf_cottage

Skill      XL: |  1  2  3  4  5  6 |
---------------+-------------------+-----
Long Blades    | 2 3 |  3.9
Short Blades   | 1 2 |  2.4
Fighting       | 5 6 |  6.0
Dodging        | |  2.1
Invocations    | |  2.0

Action                   |  1- 3 |  4- 6 || total
-------------------------+-------+-------++-------
Melee: Falchion          |    48 |       ||    48
       Short sword       |    66 |   145 ||   211
 Fire: Hunting sling     |       |     3 ||     3
Throw: Stone             |       |    11 ||    11
Invok: Depart the Abyss  |     1 |       ||     1
 Stab: Sleeping          |       |     1 ||     1
Armor: Robe              |    35 |    43 ||    78
Dodge: Dodged            |    54 |    56 ||   110
       Rpst.: Falchion   |     6 |       ||     6
